 Dungeon Crawl Stone Soup version 0.29.0-5-ge4962eb29e (webtiles) character file.

Game seed: 861295738412661483

406 enile the Grappler (level 6, 0/53 HPs)
             Began as a Gnoll Wanderer on Aug 29, 2022.
             Was a Plaything of Xom.
             Succumbed to a scorpion's poison
             ... on level 4 of the Dungeon.
             The game lasted 00:05:20 (3586 turns).

enile the Grappler (Gnoll Wanderer)                 Turns: 3586, Time: 00:05:21

Health: 0/53       AC:  3    Str: 14    XL:     6   Next: 87%
Magic:  9/9        EV: 12    Int: 11    God:    Xom [..*...]
Gold:   82         SH:  0    Dex:  9    Spells: 6/9 levels left

rFire   . . .      SeeInvis .   l - +1 dagger (venom)
rCold   . . .      Faith    .   (no shield)
rNeg    . . .      Spirit   .   m - +1 robe {Will+}
rPois   .          Reflect  .   (no helmet)
rElec   .          Harm     +   n - scarf {harm}
rCorr   .          Rampage  .   (no gloves)
Will    +....                   (no boots)
Stlth   ++........              (no amulet)
HPRegen 0.17/turn               (no ring)
MPRegen 0.11/turn               (no ring)

@: lethally poisoned (0 -> -1), unable to drink
A: fangs 1, strong nose, distributed training, clumsy 1, evolution 1, inability
to drink after injury 1
a: Renounce Religion


You were on level 4 of the Dungeon.
You worshipped Xom.
You were a toy of Xom.
You visited 1 branch of the dungeon, and saw 4 of its levels.
You also visited: Sewer.

You collected 190 gold pieces.
You spent 108 gold pieces at shops.

Inventory:

Hand Weapons
 a - a +1 hand axe
 l - a +1 dagger of venom (weapon)
 r - a +1 falchion of protection
 w - a +0 quarterstaff
Armour
 e - a +0 leather armour
 h - a +1 robe of cold resistance
 m - a +1 robe of willpower (worn)
 n - a scarf of harm (worn)
 v - a +0 plate armour
Magical Staves
 o - a staff of fire
Wands
 g - a wand of roots (3)
 q - a wand of mindburst (3)
Scrolls
 f - 3 scrolls of teleportation
 i - a scroll of identify
 j - a scroll of noise
 s - a scroll of butterflies {unknown}
Potions
 c - 3 potions of haste
 d - a potion of curing
 k - a potion of brilliance
 u - a potion of resistance {unknown}
Miscellaneous
 t - a lightning rod (3/4)


   Skills:
 + Level 6.9 Fighting
 + Level 2.2 Short Blades
 + Level 2.2 Long Blades
 + Level 3.4 Axes
 + Level 2.2 Maces & Flails
 + Level 2.2 Polearms
 + Level 2.2 Staves
 + Level 2.2 Ranged Weapons
 + Level 3.4 Throwing
 + Level 2.2 Armour
 + Level 3.4 Dodging
 + Level 2.2 Stealth
 + Level 2.2 Shields
 + Level 8.8 Unarmed Combat
 + Level 2.2 Spellcasting
 + Level 1.8 Conjurations
 + Level 1.8 Hexes
 + Level 1.8 Summonings
 + Level 1.8 Necromancy
 + Level 1.8 Translocations
 + Level 1.8 Transmutations
 + Level 1.8 Fire Magic
 + Level 1.8 Ice Magic
 + Level 1.8 Air Magic
 + Level 1.8 Earth Magic
 + Level 1.8 Poison Magic
 + Level 2.4 Invocations
 + Level 2.2 Evocations


You had 6 spell levels left.
You knew the following spells:

 Your Spells              Type           Power      Damage    Failure   Level
a - Passwall              Tmut/Erth      4%         N/A       21%         2
b - Sandblast             Erth           10%        2d5       14%         1

Your spell library contained the following spells:

 Spells                   Type           Power      Damage    Failure   Level
 Stone Arrow              Conj/Erth      10%        3d7       38%         3


Dungeon Overview and Level Annotations

Branches:
Dungeon (4/15)              Sewer (visited)
 Temple: D:4-7

Altars:
Xom

Shops:
D:1 [?(   D:2 [   D:4 (


Innate Abilities, Weirdness & Mutations

You have very sharp teeth.
Your uncanny sense of smell can sniff out nearby items.
Your experience applies equally to all skills.
You are clumsy. (Dex -2)
You have hidden genetic potential.
You occasionally lose the ability to drink potions when taking damage.


Message History

The giant cockroach waves its antennae.
The orc hits you with a +0 morningstar!
You feel threatened and lose the ability to drink potions!
* * * LOW HITPOINT WARNING * * *
You cannot drink potions in your current state!
You cannot drink potions in your current state!
You cannot drink potions in your current state!
Unknown command.
Unknown command.
Okay, then.
You cannot drink potions in your current state!
Okay, then.
Unknown command.
There is a lethal amount of poison in your body!
There is a lethal amount of poison in your body!
Unknown command.
There is a lethal amount of poison in your body!
Unknown command.
There is a lethal amount of poison in your body!
Unknown command.
As you read the scroll of fear, it crumbles to dust.
You assume a fearsome visage.
The jackal looks frightened!
The orc wizard looks frightened!
The orc looks frightened! x3
The giant cockroach looks frightened!
The scorpion looks frightened!
* * * LOW HITPOINT WARNING * * *
You feel sick.
The orc wizard casts a spell.
The orc wizard flickers and vanishes!
Deactivating autopickup; reactivate with Ctrl-A.
You cannot drink potions in your current state!
You cannot drink potions in your current state!
* * * LOW HITPOINT WARNING * * *
You feel sick.
Okay, then.
You cannot drink potions in your current state!
* * * LOW HITPOINT WARNING * * *
You feel sick.
You cannot drink potions in your current state!
You die...
Xom giggles madly!

###.####.# #......>.#
#.####.#.# #.# #.#.#
########## #.# #...#
.....hs.o####.# #.###
.....oB.......####.#
........o####......#
<.....o..#..@......######.#.
.......o.#..................
.........#..........#####.##
.......######.#####.###..
....$.. ...##.....##.#
....... #####.....##.#
....... #.......#.#####
....... #.......#......
#..........###.


There were no monsters in sight!

Vanquished Creatures
  A black bear (D:4)
  2 bullfrogs (Sewer)
  A scorpion (D:3)
  A howler monkey (D:4)
  Jessica (D:2)
  An adder (Sewer)
  A worm (D:4)
  2 dart slugs (D:2)
  4 bats
  2 endoplasms
  6 giant cockroaches
  2 goblins (D:2)
  3 hobgoblins
  3 jackals (D:3)
  8 quokkas
  A ball python (Sewer)
  7 frilled lizards
  6 kobolds
  5 rats
57 creatures vanquished.

Notes
Turn   | Place    | Note
-------+----------+-------------------------------------------
     0 | D:1      | enile the Gnoll Wanderer began the quest for the Orb.
     0 | D:1      | enile set off with the following items: a +1 hand axe, a
                  | scroll of fear, a potion of haste, a potion of
                  | lignification, a +0 leather armour.
     0 | D:1      | Reached XP level 1. HP: 23/23 MP: 1/1
   204 | D:1      | Found Oshaseop's Antique Weapon Boutique.
   205 | D:1      | Found Nooxtar's Magic Scroll Boutique.
   315 | D:1      | Found Moegra's Armour Boutique.
   371 | D:1      | Found a faded altar of an unknown god.
   934 | D:1      | Prayed at the altar of an unknown god.
   934 | D:1      | Became a worshipper of Xom of Chaos
  1010 | D:2      | Reached XP level 2. HP: 29/29 MP: 2/2
  1418 | D:2      | Noticed Jessica
  1424 | D:2      | Killed Jessica
  1425 | D:2      | Reached skill level 1 in Invocations
  1425 | D:2      | Reached XP level 3. HP: 22/35 MP: 2/4
  1492 | D:2      | XOM: silly message
  1538 | D:2      | XOM: divination: detect items
  1596 | D:2      | Found Igyss's Armour Boutique.
  1604 | D:2      | Bought a scarf of harm for 108 gold pieces
  1847 | D:3      | Noticed a scorpion
  1852 | D:3      | Reached skill level 1 in Short Blades
  1852 | D:3      | Reached skill level 1 in Long Blades
  1852 | D:3      | Reached skill level 1 in Maces & Flails
  1852 | D:3      | Reached skill level 1 in Polearms
  1852 | D:3      | Reached skill level 1 in Staves
  1852 | D:3      | Reached skill level 1 in Ranged Weapons
  1852 | D:3      | Reached skill level 1 in Armour
  1852 | D:3      | Reached skill level 1 in Stealth
  1852 | D:3      | Reached skill level 1 in Shields
  1852 | D:3      | Reached skill level 1 in Spellcasting
  1852 | D:3      | Reached skill level 1 in Evocations
  1856 | D:3      | XOM: potion effect (haste)
  1860 | D:3      | Killed a scorpion
  1861 | D:3      | Reached skill level 1 in Conjurations
  1861 | D:3      | Reached skill level 1 in Hexes
  1861 | D:3      | Reached skill level 1 in Summonings
  1861 | D:3      | Reached skill level 1 in Necromancy
  1861 | D:3      | Reached skill level 1 in Translocations
  1861 | D:3      | Reached skill level 1 in Transmutations
  1861 | D:3      | Reached skill level 1 in Fire Magic
  1861 | D:3      | Reached skill level 1 in Ice Magic
  1861 | D:3      | Reached skill level 1 in Air Magic
  1861 | D:3      | Reached skill level 1 in Earth Magic
  1861 | D:3      | Reached skill level 1 in Poison Magic
  1861 | D:3      | Reached XP level 4. HP: 27/41 MP: 5/5
  2088 | D:3      | Learned a level 2 spell: Passwall
  2173 | D:3      | Reached XP level 5. HP: 47/47 MP: 7/7
  2401 | D:4      | XOM: silly message
  2554 | D:4      | Found a glowing drain.
  2575 | Sewer    | Entered a sewer
  2627 | Sewer    | Learned a level 1 spell: Sandblast
  2678 | Sewer    | XOM: noise
  2690 | Sewer    | Reached XP level 6. HP: 21/53 MP: 4/8
  2743 | Sewer    | XOM: cloud trail
  3277 | D:4      | XOM: divination: detect creatures
  3333 | D:4      | Noticed a black bear
  3341 | D:4      | Killed a black bear
  3354 | D:4      | Found Xuliopt's Antique Weapon Emporium.
  3555 | D:4      | XOM: noise
  3577 | D:4      | XOM: cast spell 'Dispersal'
  3582 | D:4      | Gained mutation: You are clumsy. (Dex -2) [potion of
                  | mutation]
  3582 | D:4      | Gained mutation: You have hidden genetic potential. [potion
                  | of mutation]
  3582 | D:4      | Gained mutation: You occasionally lose the ability to drink
                  | potions when taking damage. [potion of mutation]
  3584 | D:4      | HP: 2/53 [poisoned by a scorpion]
  3586 | D:4      | Succumbed to a scorpion's poison

Illustrated notes

Levels and vault maps discovered:
D:1:      matt_arrival_los_fun, layout_loops_cross, serial_shops, shop_statue,
          shop, shop, basic_ecumenical_altar
D:2:      layout_loops_cross, serial_shops, shop, uniq_jessica
D:3:      layout_basic
D:4:      layout_basic, serial_shops, shop, cheibrodos_sewer_entry_drain,
          kennysheep_decorative_pillar

Skill      XL: |  1  2  3  4  5  6 |
---------------+-------------------+-----
Invocations    | 1 2 |  2.4
Short Blades   | 1 2 |  2.2
Long Blades    | 1 2 |  2.2
Maces & Flails | 1 2 |  2.2
Polearms       | 1 2 |  2.2
Staves         | 1 2 |  2.2
Ranged Weapons | 1 2 |  2.2
Armour         | 1 2 |  2.2
Stealth        | 1 2 |  2.2
Shields        | 1 2 |  2.2
Spellcasting   | 1 2 |  2.2
Evocations     | 1 2 |  2.2
Conjurations   | 1 |  1.8
Hexes          | 1 |  1.8
Summonings     | 1 |  1.8
Necromancy     | 1 |  1.8
Translocations | 1 |  1.8
Transmutations | 1 |  1.8
Fire Magic     | 1 |  1.8
Ice Magic      | 1 |  1.8
Air Magic      | 1 |  1.8
Earth Magic    | 1 |  1.8
Poison Magic   | 1 |  1.8
Axes           | 3 |  3.4
Throwing       | 3 |  3.4
Dodging        | 3 |  3.4
Fighting       | |  6.9
Unarmed Combat | |  8.8

Action                   |  1- 3 |  4- 6 || total
-------------------------+-------+-------++-------
Melee: Unarmed           |    20 |       ||    20
       Hand axe          |    10 |       ||    10
       Bite              |     7 |    12 ||    19
       Punch             |     2 |     9 ||    11
       Dagger            |    26 |   114 ||   140
 Cast: Sandblast         |       |     5 ||     5
Evoke: Wand              |       |     4 ||     4
       Lightning rod     |       |     2 ||     2
  Use: Potion            |     2 |     1 ||     3
       Scroll            |       |     6 ||     6
 Stab: Sleeping          |       |     1 ||     1
Armor: Leather armour    |    13 |       ||    13
       Robe              |     4 |    27 ||    31
       Skin              |     2 |     1 ||     3
Dodge: Dodged            |    26 |    77 ||   103
